 Dungeon Crawl Stone Soup version 0.31-a0-188-g5e087ee2ca (webtiles) character file.

Game seed: 16657455233264329196

804 qw the Skirmisher (level 7, -4/39 (40) HPs)
             Began as a Deep Elf Hunter on June 23, 2023.
             Slain by a hell rat (5 damage)
             ... in a sewer.
             The game lasted 00:02:29 (4037 turns).

qw the Skirmisher (Deep Elf Hunter)                 Turns: 4037, Time: 00:02:30

HP:   -4/39 (40)    AC: 11    Str: 10    XL:     7   Next: 60%
MP:   9/9           EV: 11    Int: 14    God:
Gold: 203           SH:  0    Dex: 18    Spells: 6/6 levels left

rFire   . . .        Y - +1 shortbow (drain)
rCold   . . .        (shield currently unavailable)
rNeg    . . .        j - +0 ring mail
rPois   .            k - +0 helmet
rElec   .            l - +2 cloak
rCorr   .            c - +0 pair of gloves
SInv    .            b - +0 pair of boots
Will    .....        (no amulet)
Stlth   +            (no ring)
HPRegen 0.26/turn    (no ring)
MPRegen 0.11/turn

%: no passive effects
@: lightly drained
A: no striking features
a: no special abilities


You were in a sewer.
You visited 2 branches of the dungeon, and saw 6 of its levels.
You also visited: Sewer.

You collected 319 gold pieces.
You spent 116 gold pieces at shops.


   Skills:
 - Level 2.0 Fighting
 + Level 11.3 Ranged Weapons
 - Level 2.0 Armour
 - Level 3.0 Dodging
 - Level 1.2 Stealth


You had 6 spell levels left.
You didn't know any spells.
Your spell library was empty.

Inventory:

Hand Weapons
 Y - a +1 shortbow of draining (weapon)
Armour
 b - a +0 pair of boots (worn)
 c - a +0 pair of gloves (worn)
 j - a +0 ring mail (worn)
 k - a +0 helmet (worn)
 l - a +2 cloak (worn)
Scrolls
 g - 5 scrolls of teleportation
Potions
 a - a potion of brilliance {unknown}
 d - a potion of attraction {unknown}
 e - 2 potions of haste
 f - a potion of resistance
 h - a potion of mutation {unknown}
 i - a potion of curing {unknown}

Dungeon Overview and Level Annotations

Branches:
Dungeon (5/15)             Temple (1/1) D:4           Sewer (1/1)

Altars:
Ashenzari
Cheibriados
Elyvilon
Fedhas
Hepliaklqana
Kikubaaqudgha
Nemelex Xobeh
Qazlal
Ru
Trog
Uskayaw
Xom
Yredelemnul

Shops:
D:3 [([

Annotations:
D:5 1 runed translucent door, Crazy Yiuf


Message History

You shoot an arrow. The arrow hits the rat.
You drain the rat.
You kill the rat!
You enter the shallow water.
Moving in this stuff is going to be slow.
You enter the shallow water.
Moving in this stuff is going to be slow.
Your resistance to elements expires.
You see here a rat corpse.
You enter the shallow water.
Moving in this stuff is going to be slow.
A rat comes into view.
You shoot an arrow. The arrow hits the rat.
You kill the rat!
You open the door.
A hell rat comes into view.
Found seven items.
Found a gate leading back out of this place.
You shoot an arrow. The arrow hits the hell rat.
The hell rat is lightly wounded.
You shoot an arrow. The arrow hits the hell rat!
The hell rat is heavily wounded.
You shoot an arrow. The arrow hits the hell rat.
The hell rat is severely wounded.
You shoot an arrow.
The arrow hits the hell rat but does no damage.
The hell rat is severely wounded.
The hell rat barely misses you.
You shoot an arrow. The arrow closely misses the hell rat.
The hell rat barely misses you.
The hell rat bites you but does no damage.
You shoot an arrow. The arrow barely misses the hell rat.
The hell rat bites you.
You shoot an arrow. The arrow hits the hell rat.
The hell rat is severely wounded.
The hell rat bites you!
You shoot an arrow. The arrow closely misses the hell rat.
The hell rat bites you!
You shoot an arrow. The arrow barely misses the hell rat.
The hell rat bites you!
You feel drained.
You die...

###.~.###
#.~~~~~~#
##..%~%..##
#~..###.~.#
##..## ##~~##
#~~~# ~~#~~~#
#..##~~!##~.#
#.~#.~~!!#%%#
#.@r~~~!\#\\#
#~.#~~~!?#~%#
#~~# ~.?##..#
#~~~ ~~#~.~#
##~~# ##~.##
#.~~ ~~.#
##.~. .~~#
~.~..~~


You could see a hell rat.

Vanquished Creatures
  An ice beast (D:5)
  A sky beast (D:4)
  An ogre (D:5)
  3 scorpions
  A hound (D:5)
  A jelly (D:5)
  An orc priest (D:4)
  2 sleepcaps (D:4)
  An iguana (D:4)
  4 gnolls (D:5)
  3 river rats
  An adder (D:5)
  A shadow imp (D:5)
  An ufetubus (D:4)
  3 worms
  A dart slug (D:5)
  4 orcs
  8 bats
  10 endoplasms
  6 giant cockroaches
  10 goblins
  6 hobgoblins
  3 jackals (D:1)
  11 kobolds
  2 quokkas
  8 ball pythons
  2 frilled lizards (D:2)
  13 rats
109 creatures vanquished.

Notes
Turn   | Place    | Note
-------+----------+-------------------------------------------
     0 | D:1      | qw the Deep Elf Hunter began the quest for the Orb.
     0 | D:1      | Reached XP level 1. HP: 12/12 MP: 3/3
     0 | D:1      | 0 ||| qw: Version: 0.3-a-9-g12657ce
     0 | D:1      | 0 ||| qw: Game counter: 4400
     0 | D:1      | 0 ||| qw: Always use a shield: true
     0 | D:1      | 0 ||| qw: God list: Okawaru
     0 | D:1      | 0 ||| qw: Allow faded altars: false
     0 | D:1      | 0 ||| qw: Do Orc after D:15 true
     0 | D:1      | 0 ||| qw: Do second Lair branch before Depths: true
     0 | D:1      | 0 ||| qw: Lair rune preference: random
     0 | D:1      | 0 ||| qw: Plans: Normal
     0 | D:1      | 0 ||| PLANNING D:1-11
    34 | D:1      | You fall into a shaft and drop 1 floor!
    90 | D:2      | 90 ||| READING scroll labelled ZINEUMAERGH.
    96 | D:2      | Reached XP level 2. HP: 16/16 MP: 4/4
    96 | D:2      | 96 ||| DRINKING 2 sedimented brown potions.
   132 | D:2      | 132 ||| DROPPING scroll of butterflies.
   133 | D:2      | 133 ||| DROPPING potion of lignification.
   134 | D:2      | 134 ||| Stepping randomly (stuck).
   135 | D:2      | 135 ||| Stepping randomly (stuck).
   136 | D:2      | 136 ||| Stepping randomly (stuck).
   137 | D:2      | 137 ||| Stepping randomly (stuck).
   138 | D:2      | 138 ||| Stepping randomly (stuck).
   139 | D:2      | 139 ||| Stepping randomly (stuck).
   140 | D:2      | 140 ||| Stepping randomly (stuck).
   141 | D:2      | 141 ||| Stepping randomly (stuck).
   142 | D:2      | 142 ||| Stepping randomly (stuck).
   143 | D:2      | 143 ||| Stepping randomly (stuck).
   144 | D:2      | 144 ||| Stepping randomly (stuck).
   145 | D:2      | 145 ||| Stepping randomly (stuck).
   146 | D:2      | 146 ||| Stepping randomly (stuck).
   147 | D:2      | 147 ||| Stepping randomly (stuck).
   148 | D:2      | 148 ||| Stepping randomly (stuck).
   149 | D:2      | 149 ||| Stepping randomly (stuck).
   150 | D:2      | 150 ||| Stepping randomly (stuck).
   151 | D:2      | 151 ||| Stepping randomly (stuck).
   152 | D:2      | 152 ||| Stepping randomly (stuck).
   153 | D:2      | 153 ||| Stepping randomly (stuck).
   154 | D:2      | 154 ||| Stepping randomly (stuck).
   155 | D:2      | 155 ||| Stepping randomly (stuck).
   156 | D:2      | 156 ||| Stepping randomly (stuck).
   157 | D:2      | 157 ||| Stepping randomly (stuck).
   158 | D:2      | 158 ||| Stepping randomly (stuck).
   159 | D:2      | 159 ||| Stepping randomly (stuck).
   160 | D:2      | 160 ||| Stepping randomly (stuck).
   161 | D:2      | 161 ||| Stepping randomly (stuck).
   162 | D:2      | 162 ||| Stepping randomly (stuck).
   163 | D:2      | 163 ||| Stepping randomly (stuck).
   164 | D:2      | 164 ||| Stepping randomly (stuck).
   165 | D:2      | 165 ||| Stepping randomly (stuck).
   166 | D:2      | 166 ||| Stepping randomly (stuck).
   167 | D:2      | 167 ||| Stepping randomly (stuck).
   168 | D:2      | 168 ||| Stepping randomly (stuck).
   169 | D:2      | 169 ||| Stepping randomly (stuck).
   170 | D:2      | 170 ||| Stepping randomly (stuck).
   171 | D:2      | 171 ||| Stepping randomly (stuck).
   172 | D:2      | 172 ||| Stepping randomly (stuck).
   173 | D:2      | 173 ||| Stepping randomly (stuck).
   174 | D:2      | 174 ||| Stepping randomly (stuck).
   175 | D:2      | 175 ||| Stepping randomly (stuck).
   176 | D:2      | 176 ||| Stepping randomly (stuck).
   177 | D:2      | 177 ||| Stepping randomly (stuck).
   178 | D:2      | 178 ||| Stepping randomly (stuck).
   179 | D:2      | 179 ||| Stepping randomly (stuck).
   180 | D:2      | 180 ||| Stepping randomly (stuck).
   181 | D:2      | 181 ||| Stepping randomly (stuck).
   182 | D:2      | 182 ||| Stepping randomly (stuck).
   183 | D:2      | 183 ||| Stepping randomly (stuck).
   184 | D:2      | 184 ||| Stepping randomly (stuck).
   185 | D:2      | 185 ||| Stepping randomly (stuck).
   186 | D:2      | 186 ||| Stepping randomly (stuck).
   187 | D:2      | 187 ||| Stepping randomly (stuck).
   188 | D:2      | 188 ||| Stepping randomly (stuck).
   189 | D:2      | 189 ||| Stepping randomly (stuck).
   190 | D:2      | 190 ||| Stepping randomly (stuck).
   191 | D:2      | 191 ||| Stepping randomly (stuck).
   192 | D:2      | 192 ||| Stepping randomly (stuck).
   193 | D:2      | 193 ||| Stepping randomly (stuck).
   194 | D:2      | 194 ||| Stepping randomly (stuck).
   195 | D:2      | 195 ||| Stepping randomly (stuck).
   196 | D:2      | 196 ||| Stepping randomly (stuck).
   197 | D:2      | 197 ||| Stepping randomly (stuck).
   198 | D:2      | 198 ||| Stepping randomly (stuck).
   199 | D:2      | 199 ||| Stepping randomly (stuck).
   200 | D:2      | 200 ||| Stepping randomly (stuck).
   201 | D:2      | 201 ||| Stepping randomly (stuck).
   202 | D:2      | 202 ||| Stepping randomly (stuck).
   203 | D:2      | 203 ||| Stepping randomly (stuck).
   204 | D:2      | 204 ||| Stepping randomly (stuck).
   205 | D:2      | 205 ||| Stepping randomly (stuck).
   206 | D:2      | 206 ||| Stepping randomly (stuck).
   207 | D:2      | 207 ||| Stepping randomly (stuck).
   208 | D:2      | 208 ||| Stepping randomly (stuck).
   209 | D:2      | 209 ||| Stepping randomly (stuck).
   210 | D:2      | 210 ||| Stepping randomly (stuck).
   211 | D:2      | 211 ||| Stepping randomly (stuck).
   212 | D:2      | 212 ||| Stepping randomly (stuck).
   213 | D:2      | 213 ||| Stepping randomly (stuck).
   214 | D:2      | 214 ||| Stepping randomly (stuck).
   215 | D:2      | 215 ||| Stepping randomly (stuck).
   216 | D:2      | 216 ||| Stepping randomly (stuck).
   217 | D:2      | 217 ||| Stepping randomly (stuck).
   218 | D:2      | 218 ||| Stepping randomly (stuck).
   219 | D:2      | 219 ||| Stepping randomly (stuck).
   220 | D:2      | 220 ||| Stepping randomly (stuck).
   221 | D:2      | 221 ||| Stepping randomly (stuck).
   222 | D:2      | 222 ||| Stepping randomly (stuck).
   223 | D:2      | 223 ||| Stepping randomly (stuck).
   224 | D:2      | 224 ||| Stepping randomly (stuck).
   225 | D:2      | 225 ||| Stepping randomly (stuck).
   226 | D:2      | 226 ||| Stepping randomly (stuck).
   227 | D:2      | 227 ||| Stepping randomly (stuck).
   228 | D:2      | 228 ||| Stepping randomly (stuck).
   229 | D:2      | 229 ||| Stepping randomly (stuck).
   230 | D:2      | 230 ||| Stepping randomly (stuck).
   231 | D:2      | 231 ||| Stepping randomly (stuck).
   232 | D:2      | 232 ||| Stepping randomly (stuck).
   233 | D:2      | 233 ||| Stepping randomly (stuck).
   234 | D:2      | 234 ||| Stepping randomly (stuck).
   235 | D:2      | 235 ||| Stepping randomly (stuck).
   236 | D:2      | 236 ||| Stepping randomly (stuck).
   237 | D:2      | 237 ||| Stepping randomly (stuck).
   238 | D:2      | 238 ||| Stepping randomly (stuck).
   239 | D:2      | 239 ||| Stepping randomly (stuck).
   240 | D:2      | 240 ||| Stepping randomly (stuck).
   241 | D:2      | 241 ||| Stepping randomly (stuck).
   242 | D:2      | 242 ||| Stepping randomly (stuck).
   243 | D:2      | 243 ||| Stepping randomly (stuck).
   244 | D:2      | 244 ||| Stepping randomly (stuck).
   245 | D:2      | 245 ||| Stepping randomly (stuck).
   246 | D:2      | 246 ||| Stepping randomly (stuck).
   247 | D:2      | 247 ||| Stepping randomly (stuck).
   248 | D:2      | 248 ||| Stepping randomly (stuck).
   249 | D:2      | 249 ||| Stepping randomly (stuck).
   252 | D:2      | Reached skill level 6 in Ranged Weapons
   252 | D:2      | 252 ||| Stepping randomly (stuck).
   253 | D:2      | 253 ||| Stepping randomly (stuck).
   254 | D:2      | 254 ||| Stepping randomly (stuck).
   255 | D:2      | 255 ||| Stepping randomly (stuck).
   256 | D:2      | 256 ||| Stepping randomly (stuck).
   257 | D:2      | 257 ||| Stepping randomly (stuck).
   258 | D:2      | 258 ||| Stepping randomly (stuck).
   259 | D:2      | 259 ||| Stepping randomly (stuck).
   260 | D:2      | 260 ||| Stepping randomly (stuck).
   261 | D:2      | 261 ||| Stepping randomly (stuck).
   262 | D:2      | 262 ||| Stepping randomly (stuck).
   263 | D:2      | 263 ||| Stepping randomly (stuck).
   264 | D:2      | 264 ||| Stepping randomly (stuck).
   265 | D:2      | 265 ||| Stepping randomly (stuck).
   266 | D:2      | 266 ||| Stepping randomly (stuck).
   267 | D:2      | 267 ||| Stepping randomly (stuck).
   268 | D:2      | 268 ||| Stepping randomly (stuck).
   269 | D:2      | 269 ||| Stepping randomly (stuck).
   270 | D:2      | 270 ||| Stepping randomly (stuck).
   271 | D:2      | 271 ||| Stepping randomly (stuck).
   272 | D:2      | 272 ||| Stepping randomly (stuck).
   273 | D:2      | 273 ||| Stepping randomly (stuck).
   274 | D:2      | 274 ||| Stepping randomly (stuck).
   275 | D:2      | 275 ||| Stepping randomly (stuck).
   276 | D:2      | 276 ||| Stepping randomly (stuck).
   277 | D:2      | 277 ||| Stepping randomly (stuck).
   278 | D:2      | 278 ||| Stepping randomly (stuck).
   279 | D:2      | 279 ||| Stepping randomly (stuck).
   280 | D:2      | 280 ||| Stepping randomly (stuck).
   281 | D:2      | 281 ||| Stepping randomly (stuck).
   282 | D:2      | 282 ||| Stepping randomly (stuck).
   283 | D:2      | 283 ||| Stepping randomly (stuck).
   284 | D:2      | 284 ||| Stepping randomly (stuck).
   285 | D:2      | 285 ||| Stepping randomly (stuck).
   286 | D:2      | 286 ||| Stepping randomly (stuck).
   287 | D:2      | 287 ||| Stepping randomly (stuck).
   288 | D:2      | 288 ||| Stepping randomly (stuck).
   289 | D:2      | 289 ||| Stepping randomly (stuck).
   290 | D:2      | 290 ||| Stepping randomly (stuck).
   291 | D:2      | 291 ||| Stepping randomly (stuck).
   292 | D:2      | 292 ||| Stepping randomly (stuck).
   293 | D:2      | 293 ||| Stepping randomly (stuck).
   294 | D:2      | 294 ||| Stepping randomly (stuck).
   295 | D:2      | 295 ||| Stepping randomly (stuck).
   296 | D:2      | 296 ||| Stepping randomly (stuck).
   297 | D:2      | 297 ||| Stepping randomly (stuck).
   298 | D:2      | 298 ||| Stepping randomly (stuck).
   356 | D:1      | 356 ||| FLEEEEING.
   384 | D:1      | HP: 4/16 [goblin/+0 dagger (2)]
   385 | D:1      | 385 ||| READING scroll of teleportation.
   562 | D:1      | Reached XP level 3. HP: 20/20 MP: 5/5
   721 | D:1      | 721 ||| UPGRADING to +0 scale mail.
   731 | D:1      | 731 ||| DROPPING +0 leather armour.
   732 | D:1      | 732 ||| READING scroll labelled UNUYHUEDOLL.
   733 | D:1      | 733 ||| READING scroll labelled CYWOSUNARPHY.
   916 | D:2      | Reached skill level 7 in Ranged Weapons
   971 | D:2      | Found a hazy altar of Hepliaklqana.
  1576 | D:2      | 1576 ||| READING scroll labelled ZECELO POTRE.
  1577 | D:2      | 1577 ||| READING scroll labelled GUSIRPHOAZON.
  1578 | D:2      | 1578 ||| READING scroll labelled INEYFO ROAB.
  1679 | D:2      | 1679 ||| DRINKING 2 bubbling ruby potions.
  1744 | D:3      | Found Xuckoste's Armour Shoppe.
  1745 | D:3      | Found Uschim's Weapon Shop.
  1774 | D:3      | 1774 ||| BUYING +0 pair of boots (58 gold).
  1774 | D:3      | Bought a +0 pair of boots for 58 gold pieces
  1774 | D:3      | 1774 ||| BUYING +0 pair of gloves (58 gold).
  1774 | D:3      | Bought a +0 pair of gloves for 58 gold pieces
  1774 | D:3      | 1774 ||| SHOPLISTING +0 ring mail (52 gold, have 19).
  1872 | D:3      | Found a hide-covered altar of Uskayaw.
  1954 | D:3      | Found Xerrebul's Armour Shop.
  1961 | D:3      | Reached XP level 4. HP: 25/25 MP: 6/6
  1967 | D:3      | 1967 ||| SHOPLISTING +0 ring mail (52 gold, have 35).
  1967 | D:3      | 1967 ||| SHOPLISTING +0 scale mail of cold resistance (143
                  | gold, have 35).
  1967 | D:3      | 1967 ||| SHOPLISTING +2 leather armour of cold resistance
                  | (247 gold, have 35).
  1967 | D:3      | 1967 ||| SHOPLISTING +3 leather armour of Starshine {rF+
                  | Str+2} (457 gold, have 35).
  2064 | D:3      | 2064 ||| Stepping ~*~*~tactically~*~*~ (water).
  2085 | D:3      | Found a faded altar of an unknown god.
  2138 | D:3      | Found an ancient bone altar of Kikubaaqudgha.
  2199 | D:3      | 2199 ||| UPGRADING to +0 pair of boots.
  2204 | D:3      | 2204 ||| UPGRADING to +0 pair of gloves.
  2209 | D:3      | 2209 ||| UPGRADING to +0 ring mail.
  2219 | D:3      | 2219 ||| DROPPING +0 scale mail.
  2289 | D:4      | Noticed a scorpion
  2299 | D:4      | Killed a scorpion
  2300 | D:4      | Reached skill level 8 in Ranged Weapons
  2300 | D:4      | Reached XP level 5. HP: 29/29 MP: 7/7
  2323 | D:4      | Found a staircase to the Ecumenical Temple.
  2324 | D:4      | 2324 ||| PLANNING TEMPLE
  2324 | D:4      | 2324 ||| DRINKING 2 purple potions.
  2325 | D:4      | 2325 ||| DROPPING potion of invisibility.
  2345 | Temple   | Entered the Ecumenical Temple
  2442 | Temple   | 2442 ||| PLANNING D:1-11
  2536 | D:4      | Reached skill level 9 in Ranged Weapons
  2619 | D:4      | HP: 6/30 [sleepcap (18)]
  2620 | D:4      | 2620 ||| READING 2 scrolls of teleportation.
  2789 | D:4      | Reached XP level 6. HP: 15/35 MP: 8/8
  2896 | D:4      | Noticed a sky beast
  2907 | D:4      | Killed a sky beast
  3273 | D:4      | Found a sacrificial altar of Ru.
  3587 | D:4      | 3587 ||| READING scroll labelled POEPTO XYNEILI.
  3588 | D:4      | 3588 ||| READING scroll labelled GAUTSE FEIKHLOI.
  3640 | D:5      | Entered Level 5 of the Dungeon
  3641 | D:5      | 3641 ||| PLANNING SEWER
  3660 | D:5      | Noticed an ice beast
  3668 | D:5      | Killed an ice beast
  3669 | D:5      | Reached skill level 10 in Ranged Weapons
  3682 | D:5      | Reached XP level 7. HP: 40/40 MP: 9/9
  3696 | D:5      | Reached skill level 3 in Dodging
  3770 | D:5      | Found a white marble altar of Elyvilon.
  3855 | D:5      | Found a runed translucent door.
  3856 | D:5      | Noticed Crazy Yiuf
  3936 | D:5      | Reached skill level 11 in Ranged Weapons
  3956 | D:5      | Found a glowing drain.
  3957 | D:5      | 3957 ||| UPGRADING to +0 helmet.
  3962 | D:5      | 3962 ||| UPGRADING to +2 cloak.
  3967 | D:5      | 3967 ||| DRINKING 2 murky black potions.
  3986 | Sewer    | Entered a sewer
  4008 | Sewer    | 4008 ||| Stepping ~*~*~tactically~*~*~ (water).
  4037 | Sewer    | HP: 1/40 [hell rat (11)]
  4037 | Sewer    | Slain by a hell rat

Levels and vault maps discovered:
D:1:      roderic_octagonal_star, layout_rooms
D:2:      layout_basic, basic_altar
D:3:      layout_rooms, lemuel_coloured_pillars_altar,
          mainiacjoe_overflow_alcove_1, serial_shops, nicolae_shop_stone, shop,
          shop, dreamdust_ecumenical_altar_statues, roderic_nine_men_s_morris,
          minivault_27, kennysheep_generic_room_13
D:4:      layout_loops_corners, mainiacjoe_overflow_24_doors,
          minmay_temple_entry_slanted
D:5:      layout_basic, mainiacjoe_overflow_cross_hatched, kennysheep_mini_moat,
          portal_sewer_entry_a, uniq_crazy_yiuf_cottage
Temple:   hellmonk_temple_beads
Sewer:    sewer_hellmonk_bad_rat

Skill      XL: |  1  2  3  4  5  6  7 |
---------------+----------------------+-----
Ranged Weapons | 6 7 8 9 10 11 | 11.3
Fighting       | 2 |  2.0
Armour         | 2 |  2.0
Dodging        | 3 |  3.0
Stealth        | |  1.2

Action                     |  1- 3 |  4- 6 |  7- 9 || total
---------------------------+-------+-------+-------++-------
   Fire: Shortbow          |   140 |   115 |    87 ||   342
    Use: Scroll            |     7 |     3 |       ||    10
         Potion            |     2 |     1 |     1 ||     4
 Armour: Leather armour    |     6 |       |       ||     6
         Scale mail        |    12 |     4 |       ||    16
         Ring mail         |       |    18 |    12 ||    30
  Dodge: Dodged            |    31 |    27 |    23 ||    81

Table legend:
 A = Non-vault XP
 B = Vault XP
 C = Vault XP percentage of total XP
 D = Non-vault monster count
 E = Vault monster count
 F = Vault count percentage of total count
                 A         B        C        D         E       F
            +---------+---------+-------+---------+---------+-------
      Total |    1094 |      55 |   4.8 |      94 |      15 |  13.8
            +---------+---------+-------+---------+---------+-------
        D:1 |      40 |       0 |   0.0 |      24 |       0 |   0.0
        D:2 |      43 |       0 |   0.0 |      24 |       0 |   0.0
        D:3 |      24 |       2 |   7.7 |      15 |       1 |   6.2
        D:4 |     469 |       0 |   0.0 |      16 |       0 |   0.0
        D:5 |     518 |      21 |   3.9 |      15 |       6 |  28.6
      Sewer |       0 |      32 | 100.0 |       0 |       8 | 100.0
            +---------+---------+-------+---------+---------+-------
